Coyotes vs Blues

Created - 20 février 2022 at 16:26

Goals
1 2 3 T
Coyotes 1 0 1 2
Blues 1 0 0 1
Shots
1 2 3 T
Coyotes 12 13 15 40
Blues 1 7 12 20

GoalsPenalties
1st period
1. Blues , Evan Rodrigues 6 (Tyler Bozak 14, Vince Dunn 9) at 2:09
2. Coyotes , Ryan Johansen 17 (Jesper Bratt 26, Yegor Sharangovich 20) at 11:07
Calvin de Haan (STL) for Roughing (Minor) at 3:50
Kailer Yamamoto (STL) for Hooking (Minor) at 17:47
2nd period
No Goal
Dante Fabbro (ARI) for Hooking (Minor) at 16:41
3rd period
3. Coyotes , Boone Jenner 16 (Frank Vatrano 7) at 13:08
No Penalty
Goalie Stats
Mikko Koskinen (ARI), 19 saves from 20 shots - (0,950), W, 23-23-1, 60:00 minutes
Pavel Francouz (STL), 38 saves from 40 shots - (0,950), L, 12-23-1, 58:40 minutes
3 StarsOfficial
1 - Pavel Francouz (STL)
2 - Ryan Johansen (ARI)
3 - Boone Jenner (ARI)
Referees : Mike Leggo and Greg Kimmerly
Linesman : Ryan Galloway and Matt MacPherson
Game Note
Michael Del Zotto is injured at 2:28 of 2nd period (Strained Right Knee)



Team Name Goals Shots Shots Attemp Shots Blocked PIM HIT PP PK FO%
Coyotes 2407482320 / 2 (0%)055%
Blues 1204484250 / 1 (0%)045%

Coyotes
Player Name POS G A P +/- PIM HIT SHT SB MP PP MP PP SHT PK MP PK SHT FO% FOT
Andrej SekeraD0000031124:350:0001:0000% 0
Boone JennerC/LW1011004014:200:5900:59068% 19
Dante FabbroD0001211116:252:4200:0000% 0
Frank VatranoC/LW/RW0111003012:080:0000:0000% 0
Ilya MikheyevRW0000021019:250:0000:33033% 3
Jesper BrattLW/RW0110034020:571:4500:0000% 0
Kaapo KakkoRW0001002012:080:0000:0000% 0
Kiefer SherwoodC/LW/RW000001205:110:2800:2600% 0
Michael StoneD0000021118:230:0000:5900% 0
Michal KempnyD0001001115:001:1600:0000% 0
Miro HeiskanenD0000040125:111:1601:0000% 0
Nick PaulC/LW000001005:170:0001:00014% 7
Pavel ZachaC/LW0000024021:231:4500:46075% 4
Robert ThomasC/RW000000206:442:1300:1400% 0
Ryan JohansenC1010033020:311:4500:00055% 29
Sean MonahanC0000033119:571:4510:00054% 24
Travis SanheimD0000042220:252:4210:5900% 0
Yegor SharangovichC/LW/RW0110036020:001:1400:00050% 2
Blues
Player Name POS G A P +/- PIM HIT SHT SB MP PP MP PP SHT PK MP PK SHT FO% FOT
Adam FoxD000-1001126:110:4801:4400% 0
Alex DeBrincatLW/RW000-2011117:440:5500:0000% 2
Brendan LemieuxLW/RW000003006:230:0000:0000% 0
Calvin de HaanD000-1280121:410:4101:0200% 0
Colin BlackwellC000000008:400:0002:17039% 18
Evan RodriguesC/LW/RW1011002014:280:0000:00067% 3
Kailer YamamotoLW/RW0000210118:551:0401:1500% 0
Mats ZuccarelloRW0000004016:531:0410:0000% 0
Michael Del ZottoD000100016:020:0000:0300% 0
Mikael GranlundC/LW/RW000-2002019:061:0401:27037% 19
Nathan BastianRW000001106:230:0000:0000% 0
Nick BjugstadC/RW0000002016:440:5500:00048% 21
Radko GudasD000-1030221:121:1102:0300% 0
Ross ColtonC/LW/RW0001021015:020:0000:00050% 4
Tyler BozakC/RW0111004016:320:0001:16061% 18
Tyson BarrieD000-1011124:561:0402:3300% 0
Valeri NichushkinLW/RW000-2031019:110:5501:41033% 3
Vince DunnD0111020019:570:1400:3100% 0

Coyotes

5 vs 5 Forward
Line #Left WingCenterRight WingPHYDFOFWanted %Time %Time Play
1Pavel ZachaSean MonahanIlya Mikheyev2123534%18:12
2Jesper BrattRyan JohansenYegor Sharangovich1223535%18:46
3Frank VatranoBoone JennerKaapo Kakko1222323%12:08
4Kiefer SherwoodNick PaulRobert Thomas12278%4:17
5 vs 5 Defense
Line #DefenseDefensePHYDFOFWanted %Time %Time Play
1Miro HeiskanenAndrej Sekera1223028%15:08
2Travis SanheimMichael Stone1313031%16:44
3Michal KempnyDante Fabbro1312426%13:44
4Miro HeiskanenAndrej Sekera1221615%7:47
Power Play Forward
Line #Left WingCenterRight WingPHYDFOFWanted %Time %Time Play
1Pavel ZachaSean MonahanYegor Sharangovich1045044%1:45
2Jesper BrattRyan JohansenRobert Thomas1225056%2:13
Power Play Defense
Line #DefenseDefensePHYDFOFWanted %Time %Time Play
1Miro HeiskanenMichal Kempny1225032%1:16
2Dante FabbroTravis Sanheim1225068%2:42
Penalty Kill 4 Players Forward
Line #CenterWingPHYDFOFWanted %Time %Time Play
1Boone JennerIlya Mikheyev1225050%0:59
2Pavel ZachaNick Paul1225050%1:00
Penalty Kill 4 Players Defense
Line #DefenseDefensePHYDFOFWanted %Time %Time Play
1Miro HeiskanenAndrej Sekera1225050%1:00
2Michael StoneTravis Sanheim1225050%0:59
Penalty Kill 3 Players
Line #WingPHYDFOFWanted %Time %Time PlayDefenseDefensePHYDFOFWanted %Time %Time Play
1Boone Jenner122500%0:00 Miro HeiskanenAndrej Sekera122500%0:00
2Nick Paul122500%0:00 Michael StoneTravis Sanheim122500%0:00
4 vs 4 Forward
Line #CenterWingPHYDFOFWanted %Time %Time Play
1Ryan JohansenJesper Bratt122500%0:00
2Sean MonahanPavel Zacha122500%0:00
4 vs 4 Defense
Line #DefensePHYDFOFWanted %Time %Time Play
1Miro HeiskanenAndrej Sekera122500%0:00
2Travis SanheimMichael Stone122500%0:00
Last Minutes Offensive
Left WingCenterRight WingDefenseDefense
Pavel ZachaSean MonahanJesper BrattMiro HeiskanenTravis Sanheim
Last Minutes Defensive
Left WingCenterRight WingDefenseDefense
Boone JennerPavel ZachaIlya MikheyevMichael StoneAndrej Sekera
Time
Total ForwardTotal DefenseLast Minutes OffensiveLast Minutes Defensive
60:00 60:00 0:000:40
Extra Forwards
Normal PowerPlayPenalty Kill
Jesper Bratt, Boone Jenner, Nick PaulRyan Johansen, Boone JennerNick Paul
Extra Defensemen
Normal PowerPlayPenalty Kill
Travis Sanheim, Dante Fabbro, Miro HeiskanenTravis Sanheim, Michael StoneMichal Kempny
Penalty Shots
Jesper Bratt, Sean Monahan, Yegor Sharangovich, Ryan Johansen, Robert Thomas
Goalie
Mikko Koskinen, Elvis Merzlikins
Custom OT Lines Forwards
Ryan Johansen, Jesper Bratt, Sean Monahan, Pavel Zacha, Yegor Sharangovich, Boone Jenner, Ilya Mikheyev, Frank Vatrano, Nick Paul, Kaapo Kakko
Custom OT Lines Defensemen
Miro Heiskanen, Andrej Sekera, Michael Stone, Travis Sanheim, Dante Fabbro
Scratches
Jay Bouwmeester (Sprained Right Finger Injury), Kevan Miller (Healthy)

Blues

5 vs 5 Forward
Line #Left WingCenterRight WingPHYDFOFWanted %Time %Time Play
1Valeri NichushkinMikael GranlundAlex DeBrincat0233031%16:35
2Kailer YamamotoNick BjugstadMats Zuccarello0233030%15:49
3Ross ColtonTyler BozakEvan Rodrigues0322727%14:28
4Brendan LemieuxColin BlackwellNathan Bastian2121312%6:23
5 vs 5 Defense
Line #DefenseDefensePHYDFOFWanted %Time %Time Play
1Adam FoxCalvin de Haan0323430%16:12
2Tyson BarrieRadko Gudas0323329%15:12
3Vince DunnMichael Del Zotto0323334%18:04
4Michael Del ZottoCalvin de Haan03207%3:47
Power Play Forward
Line #Left WingCenterRight WingPHYDFOFWanted %Time %Time Play
1Kailer YamamotoMikael GranlundMats Zuccarello0055054%1:04
2Valeri NichushkinNick BjugstadAlex DeBrincat0055046%0:55
Power Play Defense
Line #DefenseDefensePHYDFOFWanted %Time %Time Play
1Adam FoxVince Dunn0235012%0:14
2Tyson BarrieMichael Del Zotto0235088%1:45
Penalty Kill 4 Players Forward
Line #CenterWingPHYDFOFWanted %Time %Time Play
1Colin BlackwellKailer Yamamoto0325058%2:17
2Tyler BozakValeri Nichushkin0325042%1:41
Penalty Kill 4 Players Defense
Line #DefenseDefensePHYDFOFWanted %Time %Time Play
1Radko GudasAdam Fox0325034%1:22
2Calvin de HaanTyson Barrie0325066%2:36
Penalty Kill 3 Players
Line #WingPHYDFOFWanted %Time %Time PlayDefenseDefensePHYDFOFWanted %Time %Time Play
1Evan Rodrigues041500%0:00 Radko GudasAdam Fox032500%0:00
2Tyler Bozak041500%0:00 Calvin de HaanTyson Barrie032500%0:00
4 vs 4 Forward
Line #CenterWingPHYDFOFWanted %Time %Time Play
1Mikael GranlundAlex DeBrincat023500%0:00
2Nick BjugstadValeri Nichushkin023500%0:00
4 vs 4 Defense
Line #DefensePHYDFOFWanted %Time %Time Play
1Adam FoxVince Dunn032500%0:00
2Tyson BarrieMichael Del Zotto032500%0:00
Last Minutes Offensive
Left WingCenterRight WingDefenseDefense
Kailer YamamotoTyler BozakAlex DeBrincatAdam FoxVince Dunn
Last Minutes Defensive
Left WingCenterRight WingDefenseDefense
Evan RodriguesMikael GranlundValeri NichushkinRadko GudasCalvin de Haan
Time
Total ForwardTotal DefenseLast Minutes OffensiveLast Minutes Defensive
60:00 60:00 0:480:00
Extra Forwards
Normal PowerPlayPenalty Kill
Kailer Yamamoto, Ross Colton, Valeri NichushkinMats Zuccarello, Alex DeBrincatColin Blackwell
Extra Defensemen
Normal PowerPlayPenalty Kill
Adam Fox, Tyson Barrie, Radko GudasAdam Fox, Radko GudasCalvin de Haan
Penalty Shots
Alex DeBrincat, Mikael Granlund, Kailer Yamamoto, Mats Zuccarello, Valeri Nichushkin
Goalie
Pavel Francouz, Thomas Greiss
Custom OT Lines Forwards
Kailer Yamamoto, Alex DeBrincat, Valeri Nichushkin, Mikael Granlund, Mats Zuccarello, Ross Colton, Colin Blackwell, Nick Bjugstad, Evan Rodrigues, Tyler Bozak
Custom OT Lines Defensemen
Adam Fox, Vince Dunn, Calvin de Haan, Radko Gudas, Tyson Barrie
Scratches
Brett Kulak (Healthy), Roman Polak (Healthy)


Play-by-Play

1st period


0:01 of 1st period - Mikael Granlund wins face-off versus Sean Monahan in neutral zone.
1:27 of 1st period - Shot by Kailer Yamamoto.
1:27 of 1st period - Shot Misses the Net.
1:39 of 1st period - Shot by Kailer Yamamoto.
1:39 of 1st period - Shot Misses the Net.
2:01 of 1st period - Shot by Tyler Bozak.
2:01 of 1st period - Shot Blocked by Travis Sanheim.
2:07 of 1st period - Shot by Evan Rodrigues.
2:07 of 1st period - Shot Blocked by Travis Sanheim.
2:09 of 1st period - Shot by Tyler Bozak.
2:09 of 1st period - Deflect By Evan Rodrigues.
2:09 of 1st period - Goal by Evan Rodrigues - Coyotes : 0 - Blues : 1.
2:10 of 1st period - Boone Jenner wins face-off versus Colin Blackwell in neutral zone.
2:35 of 1st period - Icing by Frank Vatrano.
2:36 of 1st period - Boone Jenner wins face-off versus Evan Rodrigues in Coyotes zone.
2:36 of 1st period - Boone Jenner is hit by Ross Colton.
3:49 of 1st period - Pavel Zacha is hit by Calvin de Haan and loses puck.
3:50 of 1st period - Minor Penalty to Calvin de Haan for Roughing.
3:51 of 1st period - Ryan Johansen wins face-off versus Colin Blackwell in Blues zone.
3:52 of 1st period - Shot by Jesper Bratt.
3:52 of 1st period - Shot Blocked by Tyson Barrie.
3:54 of 1st period - Shot by Travis Sanheim.
3:54 of 1st period - Stopped by Pavel Francouz without a rebound.
3:55 of 1st period - Ryan Johansen wins face-off versus Colin Blackwell in Blues zone.
4:08 of 1st period - Kailer Yamamoto is hit by Ryan Johansen and loses puck.
4:32 of 1st period - Shot by Dante Fabbro.
4:32 of 1st period - Shot Blocked by Radko Gudas.
4:34 of 1st period - Shot by Ryan Johansen.
4:34 of 1st period - Shot Misses the Net.
5:27 of 1st period - Icing by Sean Monahan.
5:28 of 1st period - Sean Monahan wins face-off versus Colin Blackwell in Coyotes zone.
5:43 of 1st period - Pavel Zacha is hit by Tyson Barrie and loses puck.
6:47 of 1st period - Icing by Tyson Barrie.
6:48 of 1st period - Tyler Bozak wins face-off versus Ilya Mikheyev in Blues zone.
7:09 of 1st period - Ross Colton is hit by Pavel Zacha.
7:20 of 1st period - Icing by Radko Gudas.
7:21 of 1st period - Ross Colton wins face-off versus Ryan Johansen in Blues zone.
8:22 of 1st period - Nick Bjugstad is hit by Nick Paul and loses puck.
8:27 of 1st period - Shot by Robert Thomas.
8:27 of 1st period - Stopped by Pavel Francouz without a rebound.
8:28 of 1st period - Colin Blackwell wins face-off versus Sean Monahan in Blues zone.
8:28 of 1st period - Adam Fox is hit by Ilya Mikheyev and loses puck.
8:33 of 1st period - Shot by Pavel Zacha.
8:33 of 1st period - Stopped by Pavel Francouz without a rebound.
8:34 of 1st period - Sean Monahan wins face-off versus Mikael Granlund in Blues zone.
9:02 of 1st period - Off-side.
9:03 of 1st period - Ryan Johansen wins face-off versus Nick Bjugstad in neutral zone.
9:25 of 1st period - Off-side.
9:26 of 1st period - Colin Blackwell wins face-off versus Boone Jenner in neutral zone.
9:28 of 1st period - Radko Gudas is hit by Miro Heiskanen and loses puck.
10:29 of 1st period - Shot by Yegor Sharangovich.
10:29 of 1st period - Stopped by Pavel Francouz without a rebound.
10:30 of 1st period - Ryan Johansen wins face-off versus Mikael Granlund in Blues zone.
10:31 of 1st period - Shot by Yegor Sharangovich.
10:31 of 1st period - Deflect By Ryan Johansen.
10:31 of 1st period - Shot Misses the Net.
10:55 of 1st period - Shot by Alex DeBrincat.
10:55 of 1st period - Shot Misses the Net.
10:57 of 1st period - Shot by Adam Fox.
10:57 of 1st period - Shot Blocked by Michael Stone.
11:07 of 1st period - Shot by Jesper Bratt.
11:07 of 1st period - Deflect By Ryan Johansen.
11:07 of 1st period - Goal by Ryan Johansen - Coyotes : 1 - Blues : 1.
11:08 of 1st period - Sean Monahan wins face-off versus Nick Bjugstad in neutral zone.
11:23 of 1st period - Shot by Pavel Zacha.
11:23 of 1st period - Stopped by Pavel Francouz without a rebound.
11:24 of 1st period - Ross Colton wins face-off versus Nick Paul in Blues zone.
11:57 of 1st period - Shot by Nick Paul.
11:57 of 1st period - Shot Misses the Net.
13:37 of 1st period - Shot by Sean Monahan.
13:37 of 1st period - Stopped by Pavel Francouz with a rebound.
13:39 of 1st period - Shot by Travis Sanheim.
13:39 of 1st period - Stopped by Pavel Francouz without a rebound.
13:40 of 1st period - Boone Jenner wins face-off versus Mikael Granlund in Blues zone.
13:55 of 1st period - Shot by Frank Vatrano.
13:55 of 1st period - Stopped by Pavel Francouz without a rebound.
13:56 of 1st period - Nick Paul wins face-off versus Colin Blackwell in Blues zone.
14:49 of 1st period - Tyson Barrie is hit by Andrej Sekera and loses puck.
15:08 of 1st period - Shot by Pavel Zacha.
15:08 of 1st period - Stopped by Pavel Francouz without a rebound.
15:09 of 1st period - Evan Rodrigues wins face-off versus Ryan Johansen in Blues zone.
15:19 of 1st period - Icing by Calvin de Haan.
15:20 of 1st period - Boone Jenner wins face-off versus Tyler Bozak in Blues zone.
15:26 of 1st period - Icing by Evan Rodrigues.
15:27 of 1st period - Ryan Johansen wins face-off versus Ross Colton in Blues zone.
15:27 of 1st period - Ryan Johansen is hit by Calvin de Haan.
15:31 of 1st period - Shot by Jesper Bratt.
15:31 of 1st period - Stopped by Pavel Francouz with a rebound.
16:34 of 1st period - Shot by Mikael Granlund.
16:34 of 1st period - Shot Misses the Net.
17:24 of 1st period - Shot by Sean Monahan.
17:24 of 1st period - Shot Blocked by Radko Gudas.
17:30 of 1st period - Shot by Mats Zuccarello.
17:30 of 1st period - Shot Misses the Net.
17:47 of 1st period - Minor Penalty to Kailer Yamamoto for Hooking.
17:48 of 1st period - Tyler Bozak wins face-off versus Pavel Zacha in Blues zone.
17:58 of 1st period - Icing by Dante Fabbro.
17:59 of 1st period - Colin Blackwell wins face-off versus Sean Monahan in Coyotes zone.
18:18 of 1st period - Shot by Sean Monahan.
18:18 of 1st period - Stopped by Pavel Francouz without a rebound.
18:19 of 1st period - Colin Blackwell wins face-off versus Boone Jenner in Blues zone.
18:19 of 1st period - Colin Blackwell is hit by Kiefer Sherwood.
18:46 of 1st period - Off-side.
18:47 of 1st period - Yegor Sharangovich wins face-off versus Colin Blackwell in neutral zone.
18:49 of 1st period - Off-side.
18:50 of 1st period - Colin Blackwell wins face-off versus Sean Monahan in neutral zone.
19:12 of 1st period - Shot by Yegor Sharangovich.
19:12 of 1st period - Deflect By Sean Monahan.
19:12 of 1st period - Shot Misses the Net.
19:14 of 1st period - Shot by Dante Fabbro.
19:14 of 1st period - Shot Misses the Net.
19:29 of 1st period - Off-side.
19:30 of 1st period - Ryan Johansen wins face-off versus Tyler Bozak in neutral zone.
19:33 of 1st period - Radko Gudas is hit by Ryan Johansen and loses puck.
Goals for this period are 1 for Coyotes vs 1 for Blues.
Shots for this period are 12 for Coyotes vs 1 for Blues.

2nd period


0:01 of 2nd period - Mikael Granlund wins face-off versus Ilya Mikheyev in neutral zone.
0:03 of 2nd period - Adam Fox is hit by Travis Sanheim and loses puck.
0:08 of 2nd period - Shot by Mikael Granlund.
0:08 of 2nd period - Deflect By Alex DeBrincat.
0:08 of 2nd period - Stopped by Mikko Koskinen without a rebound.
0:09 of 2nd period - Sean Monahan wins face-off versus Nick Bjugstad in Coyotes zone.
0:50 of 2nd period - Icing by Calvin de Haan.
0:51 of 2nd period - Boone Jenner wins face-off versus Nick Bjugstad in Blues zone.
0:54 of 2nd period - Shot by Kaapo Kakko.
0:54 of 2nd period - Stopped by Pavel Francouz without a rebound.
0:55 of 2nd period - Mikael Granlund wins face-off versus Boone Jenner in Blues zone.
1:12 of 2nd period - Shot by Mikael Granlund.
1:12 of 2nd period - Shot Misses the Net.
1:24 of 2nd period - Shot by Alex DeBrincat.
1:24 of 2nd period - Shot Misses the Net.
2:26 of 2nd period - Shot by Sean Monahan.
2:26 of 2nd period - Shot Misses the Net.
2:28 of 2nd period - Shot by Dante Fabbro.
2:28 of 2nd period - Shot Blocked by Michael Del Zotto.
2:28 of 2nd period - Michael Del Zotto from Blues is injured at 2:28 of 2nd period (Strained Right Knee).
2:29 of 2nd period - Tyler Bozak wins face-off versus Ryan Johansen in Blues zone.
2:37 of 2nd period - Adam Fox is hit by Miro Heiskanen.
3:29 of 2nd period - Icing by Michael Stone.
3:30 of 2nd period - Nick Bjugstad wins face-off versus Nick Paul in Coyotes zone.
3:30 of 2nd period - Nick Bjugstad is hit by Travis Sanheim.
3:36 of 2nd period - Shot by Mats Zuccarello.
3:36 of 2nd period - Stopped by Mikko Koskinen without a rebound.
3:37 of 2nd period - Sean Monahan wins face-off versus Mikael Granlund in Coyotes zone.
3:37 of 2nd period - Sean Monahan is hit by Valeri Nichushkin.
3:57 of 2nd period - Shot by Sean Monahan.
3:57 of 2nd period - Deflect By Pavel Zacha.
3:57 of 2nd period - Shot Misses the Net.
4:05 of 2nd period - Shot by Alex DeBrincat.
4:05 of 2nd period - Shot Misses the Net.
4:15 of 2nd period - Shot by Alex DeBrincat.
4:15 of 2nd period - Shot Misses the Net.
4:17 of 2nd period - Shot by Mikael Granlund.
4:17 of 2nd period - Stopped by Mikko Koskinen without a rebound.
4:18 of 2nd period - Nick Bjugstad wins face-off versus Ryan Johansen in Coyotes zone.
4:29 of 2nd period - Shot by Nick Bjugstad.
4:29 of 2nd period - Stopped by Mikko Koskinen without a rebound.
4:30 of 2nd period - Boone Jenner wins face-off versus Colin Blackwell in Coyotes zone.
4:30 of 2nd period - Boone Jenner is hit by Nathan Bastian.
4:52 of 2nd period - Shot by Boone Jenner.
4:52 of 2nd period - Stopped by Pavel Francouz without a rebound.
4:53 of 2nd period - Ryan Johansen wins face-off versus Nick Bjugstad in Blues zone.
4:54 of 2nd period - Shot by Jesper Bratt.
4:54 of 2nd period - Shot Misses the Net.
5:02 of 2nd period - Shot by Nick Bjugstad.
5:02 of 2nd period - Stopped by Mikko Koskinen without a rebound.
5:03 of 2nd period - Ilya Mikheyev wins face-off versus Alex DeBrincat in Coyotes zone.
5:03 of 2nd period - Ilya Mikheyev is hit by Valeri Nichushkin.
5:12 of 2nd period - Valeri Nichushkin is hit by Sean Monahan and loses puck.
5:23 of 2nd period - Andrej Sekera is hit by Alex DeBrincat.
5:26 of 2nd period - Icing by Miro Heiskanen.
5:27 of 2nd period - Sean Monahan wins face-off versus Nick Bjugstad in Coyotes zone.
5:44 of 2nd period - Kailer Yamamoto is hit by Andrej Sekera and loses puck.
6:07 of 2nd period - Shot by Ryan Johansen.
6:07 of 2nd period - Stopped by Pavel Francouz with a rebound.
6:09 of 2nd period - Shot by Michael Stone.
6:09 of 2nd period - Stopped by Pavel Francouz with a rebound.
6:11 of 2nd period - Shot by Yegor Sharangovich.
6:11 of 2nd period - Stopped by Pavel Francouz without a rebound.
6:12 of 2nd period - Boone Jenner wins face-off versus Mikael Granlund in Blues zone.
6:15 of 2nd period - Shot by Kaapo Kakko.
6:15 of 2nd period - Stopped by Pavel Francouz without a rebound.
6:16 of 2nd period - Tyler Bozak wins face-off versus Ryan Johansen in Blues zone.
6:16 of 2nd period - Tyler Bozak is hit by Yegor Sharangovich.
6:25 of 2nd period - Shot by Jesper Bratt.
6:25 of 2nd period - Shot Misses the Net.
6:31 of 2nd period - Shot by Jesper Bratt.
6:31 of 2nd period - Shot Misses the Net.
6:33 of 2nd period - Shot by Jesper Bratt.
6:33 of 2nd period - Shot Misses the Net.
6:51 of 2nd period - Shot by Ryan Johansen.
6:51 of 2nd period - Stopped by Pavel Francouz without a rebound.
6:52 of 2nd period - Boone Jenner wins face-off versus Mikael Granlund in Blues zone.
7:48 of 2nd period - Shot by Sean Monahan.
7:48 of 2nd period - Stopped by Pavel Francouz without a rebound.
7:49 of 2nd period - Nick Bjugstad wins face-off versus Yegor Sharangovich in Blues zone.
7:56 of 2nd period - Michal Kempny is hit by Kailer Yamamoto and loses puck.
8:21 of 2nd period - Shot by Yegor Sharangovich.
8:21 of 2nd period - Stopped by Pavel Francouz without a rebound.
8:22 of 2nd period - Tyler Bozak wins face-off versus Sean Monahan in Blues zone.
8:30 of 2nd period - Tyson Barrie is hit by Sean Monahan and loses puck.
9:41 of 2nd period - Icing by Adam Fox.
9:42 of 2nd period - Ryan Johansen wins face-off versus Colin Blackwell in Blues zone.
9:51 of 2nd period - Nathan Bastian is hit by Yegor Sharangovich and loses puck.
9:58 of 2nd period - Yegor Sharangovich is hit by Brendan Lemieux and loses puck.
10:46 of 2nd period - Shot by Kaapo Kakko.
10:46 of 2nd period - Shot Misses the Net.
10:50 of 2nd period - Shot by Dante Fabbro.
10:50 of 2nd period - Stopped by Pavel Francouz without a rebound.
10:51 of 2nd period - Mikael Granlund wins face-off versus Nick Paul in Blues zone.
12:02 of 2nd period - Boone Jenner is hit by Ross Colton and loses puck.
12:49 of 2nd period - Shot by Kailer Yamamoto.
12:49 of 2nd period - Deflect By Mats Zuccarello.
12:49 of 2nd period - Shot Misses the Net.
12:58 of 2nd period - Shot by Andrej Sekera.
12:58 of 2nd period - Shot Misses the Net.
13:00 of 2nd period - Shot by Ilya Mikheyev.
13:00 of 2nd period - Stopped by Pavel Francouz without a rebound.
13:01 of 2nd period - Ryan Johansen wins face-off versus Mikael Granlund in Blues zone.
13:18 of 2nd period - Shot by Valeri Nichushkin.
13:18 of 2nd period - Stopped by Mikko Koskinen without a rebound.
13:19 of 2nd period - Sean Monahan wins face-off versus Nick Bjugstad in Coyotes zone.
13:29 of 2nd period - Icing by Radko Gudas.
13:30 of 2nd period - Nick Bjugstad wins face-off versus Ryan Johansen in Blues zone.
14:01 of 2nd period - Shot by Kailer Yamamoto.
14:01 of 2nd period - Shot Blocked by Miro Heiskanen.
14:03 of 2nd period - Shot by Radko Gudas.
14:03 of 2nd period - Shot Misses the Net.
14:05 of 2nd period - Shot by Kailer Yamamoto.
14:05 of 2nd period - Shot Misses the Net.
14:57 of 2nd period - Shot by Alex DeBrincat.
14:57 of 2nd period - Shot Misses the Net.
15:06 of 2nd period - Icing by Vince Dunn.
15:07 of 2nd period - Boone Jenner wins face-off versus Mikael Granlund in Blues zone.
15:34 of 2nd period - Shot by Frank Vatrano.
15:34 of 2nd period - Shot Misses the Net.
15:36 of 2nd period - Shot by Frank Vatrano.
15:36 of 2nd period - Shot Misses the Net.
15:47 of 2nd period - Shot by Frank Vatrano.
15:47 of 2nd period - Deflect By Boone Jenner.
15:47 of 2nd period - Stopped by Pavel Francouz without a rebound.
15:48 of 2nd period - Tyler Bozak wins face-off versus Sean Monahan in Blues zone.
16:03 of 2nd period - Shot by Ross Colton.
16:03 of 2nd period - Shot Blocked by Sean Monahan.
16:22 of 2nd period - Ross Colton is hit by Dante Fabbro and loses puck.
16:30 of 2nd period - Icing by Ilya Mikheyev.
16:31 of 2nd period - Nick Bjugstad wins face-off versus Sean Monahan in Coyotes zone.
16:41 of 2nd period - Minor Penalty to Dante Fabbro for Hooking.
16:42 of 2nd period - Pavel Zacha wins face-off versus Mikael Granlund in Coyotes zone.
18:26 of 2nd period - Shot by Mats Zuccarello.
18:26 of 2nd period - Stopped by Mikko Koskinen without a rebound.
18:27 of 2nd period - Pavel Zacha wins face-off versus Nick Bjugstad in Coyotes zone.
19:00 of 2nd period - Shot by Jesper Bratt.
19:00 of 2nd period - Stopped by Pavel Francouz without a rebound.
19:01 of 2nd period - Evan Rodrigues wins face-off versus Nick Paul in Blues zone.
19:05 of 2nd period - Off-side.
19:06 of 2nd period - Tyler Bozak wins face-off versus Ryan Johansen in neutral zone.
19:23 of 2nd period - Jesper Bratt is hit by Vince Dunn.
19:36 of 2nd period - Adam Fox is hit by Ryan Johansen and loses puck.
Goals for this period are 0 for Coyotes vs 0 for Blues.
Shots for this period are 13 for Coyotes vs 7 for Blues.

3rd period


0:01 of 3rd period - Nick Bjugstad wins face-off versus Sean Monahan in neutral zone.
0:33 of 3rd period - Kailer Yamamoto is hit by Miro Heiskanen and loses puck.
1:10 of 3rd period - Shot by Frank Vatrano.
1:10 of 3rd period - Stopped by Pavel Francouz without a rebound.
1:11 of 3rd period - Mikael Granlund wins face-off versus Ryan Johansen in Blues zone.
1:11 of 3rd period - Mikael Granlund is hit by Jesper Bratt.
1:16 of 3rd period - Mikael Granlund is hit by Yegor Sharangovich.
1:23 of 3rd period - Icing by Dante Fabbro.
1:24 of 3rd period - Ryan Johansen wins face-off versus Colin Blackwell in Coyotes zone.
1:24 of 3rd period - Ryan Johansen is hit by Brendan Lemieux.
1:38 of 3rd period - Shot by Dante Fabbro.
1:38 of 3rd period - Shot Misses the Net.
1:40 of 3rd period - Shot by Yegor Sharangovich.
1:40 of 3rd period - Stopped by Pavel Francouz without a rebound.
1:41 of 3rd period - Mikael Granlund wins face-off versus Boone Jenner in Blues zone.
2:02 of 3rd period - Shot by Kaapo Kakko.
2:02 of 3rd period - Deflect By Frank Vatrano.
2:02 of 3rd period - Stopped by Pavel Francouz without a rebound.
2:03 of 3rd period - Tyler Bozak wins face-off versus Sean Monahan in Blues zone.
2:26 of 3rd period - Icing by Andrej Sekera.
2:27 of 3rd period - Sean Monahan wins face-off versus Valeri Nichushkin in Coyotes zone.
2:29 of 3rd period - Miro Heiskanen is hit by Valeri Nichushkin.
2:42 of 3rd period - Sean Monahan is hit by Radko Gudas and loses puck.
3:01 of 3rd period - Shot by Alex DeBrincat.
3:01 of 3rd period - Shot Misses the Net.
3:03 of 3rd period - Shot by Mikael Granlund.
3:03 of 3rd period - Stopped by Mikko Koskinen with a rebound.
3:24 of 3rd period - Valeri Nichushkin is hit by Jesper Bratt and loses puck.
4:07 of 3rd period - Yegor Sharangovich is hit by Calvin de Haan and loses puck.
4:32 of 3rd period - Icing by Kailer Yamamoto.
4:33 of 3rd period - Nick Bjugstad wins face-off versus Nick Paul in Blues zone.
4:44 of 3rd period - Shot by Kiefer Sherwood.
4:44 of 3rd period - Stopped by Pavel Francouz with a rebound.
5:04 of 3rd period - Shot by Kiefer Sherwood.
5:04 of 3rd period - Stopped by Pavel Francouz with a rebound.
5:19 of 3rd period - Icing by Adam Fox.
5:20 of 3rd period - Sean Monahan wins face-off versus Nick Bjugstad in Blues zone.
5:20 of 3rd period - Sean Monahan is hit by Calvin de Haan.
5:32 of 3rd period - Shot by Pavel Zacha.
5:32 of 3rd period - Shot Misses the Net.
5:34 of 3rd period - Shot by Ilya Mikheyev.
5:34 of 3rd period - Shot Misses the Net.
5:36 of 3rd period - Shot by Ilya Mikheyev.
5:36 of 3rd period - Shot Misses the Net.
5:38 of 3rd period - Shot by Andrej Sekera.
5:38 of 3rd period - Shot Misses the Net.
5:40 of 3rd period - Shot by Ilya Mikheyev.
5:40 of 3rd period - Shot Misses the Net.
5:42 of 3rd period - Shot by Andrej Sekera.
5:42 of 3rd period - Shot Misses the Net.
5:44 of 3rd period - Shot by Andrej Sekera.
5:44 of 3rd period - Shot Blocked by Calvin de Haan.
5:46 of 3rd period - Shot by Ilya Mikheyev.
5:46 of 3rd period - Shot Misses the Net.
5:48 of 3rd period - Shot by Pavel Zacha.
5:48 of 3rd period - Stopped by Pavel Francouz without a rebound.
5:49 of 3rd period - Ryan Johansen wins face-off versus Tyler Bozak in Blues zone.
5:54 of 3rd period - Shot by Yegor Sharangovich.
5:54 of 3rd period - Stopped by Pavel Francouz without a rebound.
5:55 of 3rd period - Ryan Johansen wins face-off versus Tyler Bozak in Blues zone.
6:11 of 3rd period - Shot by Evan Rodrigues.
6:11 of 3rd period - Shot Misses the Net.
6:23 of 3rd period - Shot by Evan Rodrigues.
6:23 of 3rd period - Stopped by Mikko Koskinen without a rebound.
6:24 of 3rd period - Boone Jenner wins face-off versus Colin Blackwell in Coyotes zone.
6:24 of 3rd period - Miro Heiskanen is hit by Brendan Lemieux and loses puck.
6:51 of 3rd period - Shot by Boone Jenner.
6:51 of 3rd period - Stopped by Pavel Francouz without a rebound.
6:52 of 3rd period - Tyler Bozak wins face-off versus Sean Monahan in Blues zone.
6:52 of 3rd period - Tyler Bozak is hit by Sean Monahan.
7:01 of 3rd period - Evan Rodrigues is hit by Michael Stone and loses puck.
7:07 of 3rd period - Radko Gudas is hit by Travis Sanheim and loses puck.
7:18 of 3rd period - Shot by Tyler Bozak.
7:18 of 3rd period - Stopped by Mikko Koskinen with a rebound.
7:29 of 3rd period - Off-side.
7:30 of 3rd period - Valeri Nichushkin wins face-off versus Ryan Johansen in neutral zone.
7:54 of 3rd period - Yegor Sharangovich is hit by Calvin de Haan and loses puck.
8:06 of 3rd period - Jesper Bratt is hit by Calvin de Haan.
8:17 of 3rd period - Jesper Bratt is hit by Calvin de Haan and loses puck.
8:35 of 3rd period - Boone Jenner is hit by Vince Dunn.
9:04 of 3rd period - Shot by Nick Bjugstad.
9:04 of 3rd period - Deflect By Mats Zuccarello.
9:04 of 3rd period - Stopped by Mikko Koskinen without a rebound.
9:05 of 3rd period - Tyler Bozak wins face-off versus Sean Monahan in Coyotes zone.
9:56 of 3rd period - Brendan Lemieux is hit by Ilya Mikheyev.
10:13 of 3rd period - Shot by Nathan Bastian.
10:13 of 3rd period - Stopped by Mikko Koskinen without a rebound.
10:14 of 3rd period - Mikael Granlund wins face-off versus Ryan Johansen in Coyotes zone.
10:37 of 3rd period - Shot by Jesper Bratt.
10:37 of 3rd period - Stopped by Pavel Francouz without a rebound.
10:38 of 3rd period - Nick Bjugstad wins face-off versus Boone Jenner in Blues zone.
10:46 of 3rd period - Icing by Dante Fabbro.
10:47 of 3rd period - Boone Jenner wins face-off versus Nick Bjugstad in Coyotes zone.
11:08 of 3rd period - Shot by Kailer Yamamoto.
11:08 of 3rd period - Shot Blocked by Dante Fabbro.
11:10 of 3rd period - Shot by Tyson Barrie.
11:10 of 3rd period - Stopped by Mikko Koskinen with a rebound.
11:12 of 3rd period - Shot by Mats Zuccarello.
11:12 of 3rd period - Shot Blocked by Michal Kempny.
11:20 of 3rd period - Shot by Kailer Yamamoto.
11:20 of 3rd period - Shot Misses the Net.
11:33 of 3rd period - Off-side.
11:34 of 3rd period - Ryan Johansen wins face-off versus Mikael Granlund in neutral zone.
12:06 of 3rd period - Shot by Ryan Johansen.
12:06 of 3rd period - Shot Blocked by Alex DeBrincat.
12:08 of 3rd period - Shot by Andrej Sekera.
12:08 of 3rd period - Stopped by Pavel Francouz without a rebound.
12:09 of 3rd period - Sean Monahan wins face-off versus Tyler Bozak in Blues zone.
12:12 of 3rd period - Shot by Ilya Mikheyev.
12:12 of 3rd period - Shot Misses the Net.
12:15 of 3rd period - Icing by Radko Gudas.
12:16 of 3rd period - Sean Monahan wins face-off versus Tyler Bozak in Blues zone.
12:49 of 3rd period - Shot by Tyler Bozak.
12:49 of 3rd period - Stopped by Mikko Koskinen without a rebound.
12:50 of 3rd period - Colin Blackwell wins face-off versus Ryan Johansen in Coyotes zone.
12:50 of 3rd period - Colin Blackwell is hit by Andrej Sekera.
12:52 of 3rd period - Shot by Adam Fox.
12:52 of 3rd period - Stopped by Mikko Koskinen with a rebound.
12:58 of 3rd period - Colin Blackwell is hit by Jesper Bratt and loses puck.
13:05 of 3rd period - Shot by Jesper Bratt.
13:05 of 3rd period - Stopped by Pavel Francouz without a rebound.
13:06 of 3rd period - Boone Jenner wins face-off versus Alex DeBrincat in Blues zone.
13:06 of 3rd period - Frank Vatrano is hit by Radko Gudas.
13:08 of 3rd period - Shot by Boone Jenner.
13:08 of 3rd period - Goal by Boone Jenner - Coyotes : 2 - Blues : 1.
13:09 of 3rd period - Nick Bjugstad wins face-off versus Ryan Johansen in neutral zone.
13:26 of 3rd period - Shot by Yegor Sharangovich.
13:26 of 3rd period - Stopped by Pavel Francouz with a rebound.
13:28 of 3rd period - Shot by Ryan Johansen.
13:28 of 3rd period - Shot Blocked by Kailer Yamamoto.
14:06 of 3rd period - Icing by Yegor Sharangovich.
14:07 of 3rd period - Ryan Johansen wins face-off versus Valeri Nichushkin in Coyotes zone.
14:14 of 3rd period - Yegor Sharangovich is hit by Radko Gudas and loses puck.
14:47 of 3rd period - Tyson Barrie is hit by Pavel Zacha and loses puck.
15:46 of 3rd period - Shot by Frank Vatrano.
15:46 of 3rd period - Shot Blocked by Adam Fox.
15:48 of 3rd period - Shot by Michal Kempny.
15:48 of 3rd period - Stopped by Pavel Francouz without a rebound.
15:49 of 3rd period - Colin Blackwell wins face-off versus Nick Paul in Blues zone.
15:55 of 3rd period - Brendan Lemieux is hit by Miro Heiskanen and loses puck.
16:02 of 3rd period - Shot by Nick Paul.
16:02 of 3rd period - Shot Misses the Net.
16:06 of 3rd period - Shot by Nick Paul.
16:06 of 3rd period - Deflect By Robert Thomas.
16:06 of 3rd period - Stopped by Pavel Francouz without a rebound.
16:07 of 3rd period - Nick Bjugstad wins face-off versus Ryan Johansen in Blues zone.
16:09 of 3rd period - Icing by Kailer Yamamoto.
16:10 of 3rd period - Sean Monahan wins face-off versus Nick Bjugstad in Blues zone.
16:15 of 3rd period - Shot by Michael Stone.
16:15 of 3rd period - Shot Misses the Net.
16:22 of 3rd period - Radko Gudas is hit by Travis Sanheim and loses puck.
16:26 of 3rd period - Nick Bjugstad is hit by Michael Stone and loses puck.
16:35 of 3rd period - Shot by Mats Zuccarello.
16:35 of 3rd period - Stopped by Mikko Koskinen without a rebound.
16:36 of 3rd period - Ryan Johansen wins face-off versus Colin Blackwell in Coyotes zone.
17:16 of 3rd period - Icing by Andrej Sekera.
17:17 of 3rd period - Ryan Johansen wins face-off versus Ross Colton in Coyotes zone.
17:36 of 3rd period - Shot by Ross Colton.
17:36 of 3rd period - Shot Blocked by Andrej Sekera.
17:38 of 3rd period - Shot by Tyler Bozak.
17:38 of 3rd period - Stopped by Mikko Koskinen with a rebound.
17:51 of 3rd period - Icing by Tyler Bozak.
17:52 of 3rd period - Tyler Bozak wins face-off versus Boone Jenner in Blues zone.
17:59 of 3rd period - Shot by Ross Colton.
17:59 of 3rd period - Stopped by Mikko Koskinen without a rebound.
18:00 of 3rd period - Sean Monahan wins face-off versus Mikael Granlund in Coyotes zone.
18:26 of 3rd period - Pavel Zacha is hit by Calvin de Haan and loses puck.
18:30 of 3rd period - Icing by Adam Fox.
18:31 of 3rd period - Boone Jenner wins face-off versus Mikael Granlund in Blues zone.
18:40 of 3rd period - Blues, Pavel Francouz is pulled from the net.
19:45 of 3rd period - Shot by Vince Dunn.
19:45 of 3rd period - Deflect By Tyler Bozak.
19:45 of 3rd period - Stopped by Mikko Koskinen without a rebound.
19:46 of 3rd period - Pavel Zacha wins face-off versus Tyler Bozak in Coyotes zone.
Goals for this period are 1 for Coyotes vs 0 for Blues.
Shots for this period are 15 for Coyotes vs 12 for Blues.